 Dungeon Crawl Stone Soup version 0.25-a0-578-gc91f01c39c (webtiles) character file.

Game seed: 2892362566109499861, levelgen mode: deterministic

140 heike the Conjurer (level 5, 0/35 HPs)
             Began as a Human Conjurer on Mar 5, 2020.
             Was an Initiate of Ru.
             Slain by Ijyb
             ... wielding a +0 dagger of draining
              (1 damage)
             ... on level 3 of the Dungeon.
             The game lasted 00:16:04 (2540 turns).

heike the Conjurer (Human Conjurer)                 Turns: 2540, Time: 00:16:05

Health: 0/35       AC:  2    Str:  8    XL:     5   Next: 47%
Magic:  1/9        EV: 16    Int: 17    God:    Ru [......]
Gold:   121        SH:  0    Dex: 13    Spells: 3/9 levels left

rFire    . . .     SeeInvis .   l - +2 dagger (speed)
rCold    . . .     Gourm    .   (no shield)
rNeg     . . .     Faith    .   a - +0 robe
rPois    .         Spirit   .   (no helmet)
rElec    .         Reflect  .   (no cloak)
rCorr    .         Harm     .   (no gloves)
MR       .....                  (no boots)
Stlth    +.........             (no amulet)
HPRegen  0.11/turn              f - +5 ring of evasion
MPRegen  0.11/turn              (no ring)

@: heavily drained
A: no striking features
a: Renounce Religion


You were on level 3 of the Dungeon.
You worshipped Ru.
Ru was noncommittal.
You were very hungry.

You visited 1 branch of the dungeon, and saw 3 of its levels.

You collected 121 gold pieces.

Inventory:

Hand Weapons
 d - a +0 club
 j - a +0 short sword
 k - a +0 dagger
 l - a +2 dagger of speed (weapon)
Armour
 a - a +0 robe (worn)
 g - a +0 leather armour
Jewellery
 f - a +5 ring of evasion (left hand)
Scrolls
 b - 4 scrolls of remove curse
 e - 3 scrolls of fog
 h - a scroll of blinking
 i - 4 scrolls of teleportation
 m - 2 scrolls of magic mapping {unknown}
 n - a scroll of immolation {unknown}
 o - a scroll of fear {unknown}
Comestibles
 c - 5 rations


   Skills:
 + Level 0.1(0.0) Fighting
 + Level 0.2(0.0) Short Blades
 + Level 2.3(0.7) Dodging
 + Level 2.3(0.6) Stealth
 + Level 0.1(0.0) Unarmed Combat
 + Level 2.8(1.1) Spellcasting
 + Level 5.5(3.7) Conjurations


You had 3 spell levels left.
You knew the following spells:

 Your Spells              Type           Power        Failure   Level  Hunger
a - Magic Dart            Conj           ##..         4%          1    ##.....
b - Searing Ray           Conj           ##....       7%          2    ###....
c - Dazzling Flash        Conj/Hex       #.....       28%         3    ####...

Your spell library contained the following spells:

 Spells                   Type           Power        Failure   Level  Hunger
 Fulminant Prism          Conj/Hex       #.........   67%         4    #####..
 Iskenderun's Mystic Bla  Conj/Tloc      #.......     67%         4    #####..


Dungeon Overview and Level Annotations

Branches:
Dungeon (3/15)

Altars:
Ru

Annotations:
D:3 Ijyb


Message History

Confirm with . or Enter, or press ? or * to list all spells.
Aiming: Searing Ray (safe; 5% risk of failure)
Press: ? - help, Shift-Dir - straight line, f/p - Ijyb
Aim: Ijyb, wielding a +0 dagger of draining, wearing a +0 leather armour and carrying a wand of paralysis (4) (moderately wounded)
The searing ray hits Ijyb.
Ijyb is heavily wounded. (Press . to maintain the ray.) Ijyb misses you.
The searing ray hits Ijyb.
Ijyb is severely wounded.
Ijyb hits you with a +0 dagger of draining.
* * * LOW HITPOINT WARNING * * *
You feel drained.
* * * LOW HITPOINT WARNING * * *
The searing ray hits Ijyb.
Ijyb is severely wounded.
Ijyb hits you with a +0 dagger of draining.
* * * LOW HITPOINT WARNING * * *
You feel drained.
You die...

#############
######...........#
.......#########@#
######## #g# #.#
#####
#######†###.#
.....
.....$......#
#####
#######.#...... #
....##### # #....#
# .....#


You could see Ijyb.

Vanquished Creatures
  An orc priest (D:3)
  An orc wizard (D:2)
  2 adders (D:2)
  An ooze (D:1)
  2 orcs (D:3)
  15 bats
  A giant cockroach (D:2)
  5 goblins
  7 hobgoblins
  3 jackals (D:2)
  A quokka (D:2)
  3 ball pythons
  A frilled lizard (D:1)
  3 kobolds
  8 rats
54 creatures vanquished.

Notes
Turn   | Place    | Note
-------+----------+-------------------------------------------
     0 | D:1      | heike the Human Conjurer began the quest for the Orb.
     0 | D:1      | Reached XP level 1. HP: 13/13 MP: 3/3
   348 | D:1      | Reached XP level 2. HP: 19/19 MP: 5/5
   593 | D:1      | Reached XP level 3. HP: 19/24 MP: 3/6
   925 | D:2      | Learned a level 2 spell: Searing Ray
   944 | D:2      | Learned a level 3 spell: Dazzling Flash
  1381 | D:2      | Found a sacrificial altar of Ru.
  1393 | D:2      | Reached skill level 5 in Conjurations
  1395 | D:2      | Reached XP level 4. HP: 30/30 MP: 3/7
  1906 | D:2      | Reached XP level 5. HP: 35/35 MP: 9/9
  1912 | D:2      | Became a worshipper of Ru the Awakened
  2517 | D:3      | Noticed Ijyb
  2522 | D:3      | Paralysed by Ijyb for 5 turns
  2532 | D:3      | Paralysed by Ijyb for 6 turns
  2540 | D:3      | HP: 1/35 [Ijyb/+0 dagger of draining (2)]
  2540 | D:3      | Slain by Ijyb

Levels and vault maps discovered:
D:1:      ncdulo_wetmaze, layout_basic
D:2:      layout_loops_corners, nicolae_ru_great_annihilating_truth
D:3:      layout_loops_ring, lemuel_coloured_pillars_altar,
          gup_sewer_entry_spiral, first_ration, minmay_crystal_room,
          minmay_goblin_kobold_house, uniq_ijyb

Skill      XL: |  1  2  3 |
---------------+----------+-----
Conjurations   | 5 |  5.5
Fighting       | |  0.1
Short Blades   | |  0.2
Dodging        | |  2.3
Stealth        | |  2.3
Unarmed Combat | |  0.1
Spellcasting   | |  2.8

Action                   |  1- 3 |  4- 6 || total
-------------------------+-------+-------++-------
Melee: Unarmed           |     8 |       ||     8
       Club              |    19 |       ||    19
       Dagger            |       |    39 ||    39
       Short sword       |       |     5 ||     5
 Cast: Magic Dart        |    41 |       ||    41
       Searing Ray       |     8 |    18 ||    26
  Use: Scroll            |       |     4 ||     4
       Potion            |       |     1 ||     1
 Stab: Sleeping          |       |     1 ||     1
  Eat: Chunk             |     2 |     4 ||     6
Armor: Robe              |    12 |    13 ||    25
Dodge: Dodged            |    27 |    53 ||    80

Table legend:
 A = Non-vault XP
 B = Vault XP
 C = Vault XP percentage of total XP
 D = Non-vault monster count
 E = Vault monster count
 F = Vault count percentage of total count
                 A         B        C        D         E       F
            +---------+---------+-------+---------+---------+-------
      Total |     153 |      48 |  23.9 |      50 |       4 |   7.4
            +---------+---------+-------+---------+---------+-------
        D:1 |      38 |       0 |   0.0 |      22 |       0 |   0.0
        D:2 |      54 |      48 |  47.1 |      18 |       4 |  18.2
        D:3 |      61 |       0 |   0.0 |      10 |       0 |   0.0
            +---------+---------+-------+---------+---------+-------
